 Seeded DCSS version 0.30-a0-964-gd452b5e7fa (webtiles) character file.

Game seed: 3125986916090331667 (custom seed)

5029 Parcival the Reanimator (level 10, -6/67 HPs)
             Began as a Vampire Necromancer on Mar 30, 2023.
             Was an Initiate of Yredelemnul.
             Mangled by an orc warrior
             ... wielding a +0 dire flail
              (11 damage)
             ... on level 8 of the Dungeon.
             The game lasted 00:39:05 (7746 turns).

Parcival the Reanimator (Vampire Necromancer)       Turns: 7746, Time: 00:39:07

Health: -6/67      AC:  6    Str: 13    XL:     10   Next: 30%
Magic:  9/23       EV: 14    Int: 22    God:    Yredelemnul [......]
Gold:   438        SH:  0    Dex: 15    Spells: 13/27 levels left

rFire   + . .      SeeInvis +    s - +9 staff of Olgreb {rPois∞}
rCold   . . .      Faith    .    (no shield)
rNeg    . . .      Spirit   .    a - +0 robe
rPois   ∞          Reflect  .    (no helmet)
rElec   .          Rampage  .    p - +1 cloak
rCorr   .                        e - +1 pair of gloves of Minor Irritation {rF+}
Will    +....                    (no boots)
Stlth   +++                      g - amulet of magic regeneration
HPRegen 0.51/turn                h - +6 ring of strength
MPRegen 0.58/turn                k - ring of wizardry

@: healing quickly
A: alive, fangs 3, see invisible, vampiric 2
a: Exsanguinate, Renounce Religion, Evoke the Staff of Olgreb, Recall Undead
Harvest


You were on level 8 of the Dungeon.
You worshipped Yredelemnul.
Yredelemnul was noncommittal.
You visited 2 branches of the dungeon, and saw 11 of its levels.

You collected 438 gold pieces.

Inventory:

Hand Weapons
 s - the +9 staff of Olgreb (weapon) {rPois∞}
   (You acquired it on level 4 of the Dungeon)

   It enhances your poison magic.
   It grants immunity to poison.
   It can be activated via the 'a'bility menu to radiate toxic energy, with
   effectiveness depending on Evocations skill.
 A - a +4 quarterstaff of chaos
Missiles
 f - a curare-tipped dart
 y - 11 poisoned darts
Armour
 a - a +0 robe (worn)
 e - the +1 pair of gloves of Minor Irritation (worn) {rF+}
   (You acquired it on level 2 of the Dungeon)

   rF:        It protects you from fire.
 p - a +1 cloak (worn)
Magical Staves
 c - the staff of death "Vegocov" {rF+ rN+ SInv}
   (You acquired it on level 1 of the Dungeon)

   [staff of death]

   Base accuracy: +5 Base damage: 5 Base attack delay: 1.2 This weapon's minimum
   attack delay (0.6) is reached at skill level 12.
   rF:        It protects you from fire.
   rN:        It protects you from negative energy.
   SInv:      It lets you see invisible.
   It falls into the 'Staves' category.
   It is a one-handed weapon.
Jewellery
 g - an amulet of magic regeneration (around neck)
 h - a +6 ring of strength (left hand)
 k - a ring of wizardry (right hand)
 q - an amulet of guardian spirit
 u - an amulet of reflection
 D - a ring of magical power
Wands
 n - a wand of flame (19)
Scrolls
 d - a scroll of brand weapon
 r - 2 scrolls of enchant weapon
Potions
 b - a potion of magic
 i - a potion of lignification
 j - a potion of resistance
 l - 3 potions of degeneration
 m - a potion of might
 o - 2 potions of ambrosia
 t - a potion of brilliance
 v - 2 potions of attraction
 w - a potion of cancellation {unknown}
 C - 2 potions of haste {unknown}


   Skills:
 + Level 1.7 Fighting
 + Level 2.0 Staves
 + Level 5.1 Dodging
 + Level 4.3 Stealth
 + Level 0.2 Unarmed Combat
 + Level 9.0 Spellcasting
 + Level 4.0 Hexes
 + Level 10.8 Necromancy
 + Level 1.2 Translocations
 + Level 2.2 Fire Magic
 + Level 0.7 Earth Magic
 + Level 0.7 Invocations


You had 13 spell levels left.
You knew the following spells:

 Your Spells              Type           Power      Damage    Failure   Level
a - Necrotise             Necr           100%       1d9       1%          1
b - Animate Dead          Necr           55%        N/A       1%          4
c - Inner Flame           Hex/Fire       23%        N/A       2%          3
d - Sublimation of Blood  Necr           55%        N/A       1%          2
e - Portal Projectile     Hex/Tloc       42%        N/A       2%          3
f - Sandblast             Erth           26%        2d8       1%          1

Your spell library contained the following spells:

 Spells                   Type           Power      Damage    Failure   Level
 Ensorcelled Hibernation  Hex/Ice        36%        N/A       1%          2
 Vampiric Draining        Necr           55%        2d9       1%          3
 Agony                    Necr           55%        N/A       1%          5
 Summon Small Mammal      Summ           36%        N/A       2%          1
 Passwall                 Tmut/Erth      9%         N/A       3%          2
 Summon Guardian Golem    Hex/Summ       18%        N/A       3%          3
 Stone Arrow              Conj/Erth      22%        3d8       7%          3
 Call Canine Familiar     Summ           9%         N/A       9%          3
 Swiftness                Air            9%         N/A       9%          3
 Leda's Liquefaction      Hex/Erth       10%        N/A       11%         4
 Flame Wave               Conj/Fire      14%        2d6       16%         4
 Sticky Flame             Conj/Fire      14%        2d4       16%         4
 Petrify                  Tmut/Erth      11%        N/A       22%         4
 Irradiate                Conj/Tmut      4%         3d13      56%         5


Dungeon Overview and Level Annotations

Branches:
Dungeon (10/15)            Temple (1/1) D:5             Orc (0/2) D:9
   Lair: D:8-11

Altars:
Ashenzari
Cheibriados
Dithmenos
Fedhas
Gozag
Hepliaklqana
Kikubaaqudgha
Makhleb
Nemelex Xobeh
Okawaru
Qazlal
Ru
Sif Muna
Trog
Uskayaw
Vehumet
Wu Jian
Xom
Yredelemnul

Shops:
D:3 :   D:5 (**?   D:7 :

Annotations:
D:8 1 transporter


Innate Abilities, Weirdness & Mutations

Your natural rate of healing is accelerated.
You have razor-sharp teeth.
You have supernaturally acute eyesight. (SInv)
You are afflicted with vampirism and can become a bat while bloodless.


Message History

The orc warrior is heavily wounded.
The orc priest calls down the wrath of Beogh upon you.
Beogh smites you!
* * * LOW HITPOINT WARNING * * *
The orc warrior hits you with a +0 dire flail!
* * * LOW HITPOINT WARNING * * *
The orc wizard misses you.
Okay, then.
You feel much better.
The orc wizard hits you with a +0 dagger.
The orc warrior closely misses you.
The orc priest calls upon Beogh to heal the orc.
The orc's wounds heal themselves!
You closely miss the orc wizard.
The orc wizard is moderately wounded.
The orc warrior hits you with a +0 dire flail!
* * * LOW HITPOINT WARNING * * *
The orc wizard casts a spell at you. The puff of flame misses you.
The puff of flame misses the orc warrior.
The puff of flame hits the orc warrior!
The orc warrior dies!
The air fills with toxic fumes!
As you read the scroll of poison, it crumbles to dust.
The orc wizard misses you.
The orc warrior hits you with a +0 dire flail.
* * * LOW HITPOINT WARNING * * *
You hit the orc wizard. You bite the orc wizard.
The orc wizard is severely wounded.
The orc wizard looks more healthy. x2; The orc warrior closely misses you.
The orc wizard hits you with a +0 dagger.
* * * LOW HITPOINT WARNING * * *
You sock the orc wizard!
You kill the orc wizard!
The orc looks more healthy.
The orc warrior hits you with a +0 dire flail.
* * * LOW HITPOINT WARNING * * *
The orc warrior hits you with a +0 dire flail!
You die...
Yredelemnul claims you as an undead slave.

....................># #.#
........###.#####....#######.#
#.#..........................#
#.........#.###...#..#######.#
####........##....#..# #.#
#.####......#..#..#######.##
#.#.....###..©.............#
###.#.##.##################.##
##<#...##.##§§§)@ooo§# #.#
)......##.#§§)#####§§§# #.#
##.#...##.#§.).#.#}o.§# #.#
..........#.#.....o.#.# #.#
##...#.####.##.8.8.##.#
####.#### ##.###.####© ..._...
.# #........
..........#.##.8.8.##.#
#.#######
##.###.####.#$.....?#.# #.#
#..# #.# #...o#)#....# #.#


You could see an orc warrior (poisoned), an orc priest, an orc wizard and an
orc.

Vanquished Creatures
  An ogre mage (D:8)
  A troll (D:6)
  2 wraiths
  A wyvern (D:8)
  2 steam dragons (D:7)
  4 water moccasins
  An orc warrior (D:6)
  2 ice beasts
  An ogre (D:5)
  A sky beast (D:6)
  3 black bears
  4 centaurs
  A bullfrog (D:8)
  2 kobold brigands
  A spectral black bear (D:6)
  A spectral wyvern (D:8)
  6 scorpions
  5 wights (D:8)
  4 killer bees (D:8)
  A spectral centaur (D:9)
  A hound (D:6)
  A centaur zombie (D:7)
  2 jellies
  4 orc priests
  Crazy Yiuf (D:7)
  A sleepcap (D:4)
  4 iguanas
  Natasha (thrice) (D:2)
  5 orc wizards
  A gnoll (D:1)
  7 adders
  2 white imps (D:6)
  An adder zombie (D:6)
  A worm (D:2)
  2 dart slugs
  24 orcs
  6 endoplasms
  2 giant cockroaches
  5 hobgoblins
  4 quokkas
  7 ball pythons
  4 bats
  2 frilled lizards
  9 goblins
  18 kobolds
  2 kobold zombies (D:7)
  8 orc zombies
  3 rats
  A spectral orc (D:8)
175 creatures vanquished.

Vanquished Creatures (collateral kills)
  2 bullfrogs
  A killer bee (D:8)
  3 jellies
  An orc wizard (D:8)
  A white imp (D:6)
  5 orcs
  2 ball pythons
  An endoplasm (D:1)
  A rat (D:3)
17 creatures vanquished.

Vanquished Creatures (others)
  An orc warrior (D:8)
  A water moccasin zombie (D:7)
  A bullfrog zombie (D:6)
  A spectral orc (D:6)
  A killer bee zombie (D:8)
  A hound zombie (D:6)
  A spectral white imp (D:6)
  5 orc zombies
12 creatures vanquished.

Grand Total: 204 creatures vanquished

Notes
Turn   | Place    | Note
-------+----------+-------------------------------------------
     0 | D:1      | Parcival the Vampire Necromancer began the quest for the
                  | Orb.
     0 | D:1      | Reached XP level 1. HP: 13/13 MP: 3/3
    19 | D:1      | Identified a scroll of acquirement
    61 | D:1      | Acquired the staff of death "Vegocov" {rF+ rN+ SInv}
   233 | D:1      | Reached XP level 2. HP: 19/19 MP: 3/5
   646 | D:1      | Reached skill level 5 in Necromancy
   857 | D:1      | Gained mutation: You are afflicted with vampirism and can
                  | become a bat while bloodless. [Vampire growth]
   857 | D:1      | Reached XP level 3. HP: 24/24 MP: 4/6
  1157 | D:2      | Noticed Natasha
  1178 | D:2      | Killed Natasha
  1235 | D:2      | Reached XP level 4. HP: 30/30 MP: 4/8
  1463 | D:2      | Noticed Natasha
  1466 | D:2      | Killed Natasha
  1627 | D:2      | Noticed Natasha
  1632 | D:2      | Killed Natasha
  1633 | D:2      | Reached XP level 5. HP: 32/35 MP: 9/9
  1711 | D:2      | Acquired the +1 pair of gloves of Minor Irritation {rF+}
  1764 | D:3      | Found an iron altar of Okawaru.
  1770 | D:3      | Reached skill level 6 in Necromancy
  1817 | D:3      | Learned a level 4 spell: Animate Dead
  1871 | D:3      | Identified the +1 chain mail of Supple Strength {Harm
                  | Str+3}
  1889 | D:3      | Found Digoh's Book Boutique.
  2557 | D:4      | Noticed a water moccasin
  2567 | D:4      | Killed a water moccasin
  2573 | D:4      | Found a hazy altar of Hepliaklqana.
  2590 | D:4      | Reached XP level 6. HP: 31/41 MP: 9/11
  2620 | D:4      | Learned a level 3 spell: Inner Flame
  2867 | D:4      | Learned a level 2 spell: Sublimation of Blood
  2879 | D:4      | Reached skill level 1 in Hexes
  2893 | D:4      | Reached skill level 7 in Necromancy
  2894 | D:4      | Reached XP level 7. HP: 29/46 MP: 9/14
  3100 | D:4      | Acquired the +9 staff of Olgreb {rPois∞}
  3100 | D:4      | Found the +9 staff of Olgreb {rPois∞}
  3333 | D:5      | Entered Level 5 of the Dungeon
  3343 | D:5      | Reached skill level 5 in Spellcasting
  3353 | D:5      | Reached skill level 1 in Fire Magic
  3417 | D:5      | Found Tuexan's Magic Scroll Boutique.
  3417 | D:5      | Found Keelodoj's General Store.
  3419 | D:5      | Found Istewn's Weapon Boutique.
  3421 | D:5      | Found Kuxiet's Assorted Antiques.
  3569 | D:5      | Reached XP level 8. HP: 49/53 MP: 10/16
  3594 | D:5      | Learned a level 3 spell: Portal Projectile
  3648 | D:5      | Reached skill level 8 in Necromancy
  3737 | D:5      | Reached skill level 1 in Fighting
  3739 | D:5      | Found a staircase to the Ecumenical Temple.
  3763 | Temple   | Entered the Ecumenical Temple
  3811 | Temple   | Became a worshipper of Yredelemnul the Dark
  4170 | D:6      | Reached skill level 1 in Staves
  4316 | D:6      | Reached * piety under Yredelemnul
  4350 | D:6      | Reached skill level 1 in Translocations
  4439 | D:6      | Reached XP level 9. HP: 59/59 MP: 19/19
  4451 | D:6      | Noticed a troll
  4556 | D:6      | Reached ** piety under Yredelemnul
  4665 | D:6      | Killed a troll
  4774 | D:6      | Found an ornate altar of the Wu Jian Council.
  4942 | D:7      | Reached skill level 9 in Necromancy
  5260 | D:7      | Found Jauttyss's Tremendous Tomes.
  5607 | D:7      | Found a runed translucent door.
  5608 | D:7      | Noticed Crazy Yiuf
  6092 | D:7      | Killed Crazy Yiuf
  6186 | D:8      | Reached skill level 10 in Necromancy
  6244 | D:8      | Found a transporter.
  6255 | D:8      | Noticed an ogre mage
  6256 | D:8      | Found a transporter.
  6263 | D:8      | You fall into a shaft and drop 2 floors!
  6263 | D:10     | Entered Level 10 of the Dungeon
  6461 | D:9      | Found a staircase to the Orcish Mines.
  6598 | D:8      | Found a large runed translucent door.
  6602 | D:8      | Found a large runed translucent door.
  6723 | D:8      | Found a sparkling altar of Nemelex Xobeh.
  6911 | D:8      | Reached XP level 10. HP: 66/66 MP: 17/22
  6946 | D:8      | Learned a level 1 spell: Sandblast
  6948 | D:8      | Reached skill level 5 in Dodging
  6962 | D:8      | HP: 1/64 [cloud of flame (8)]
  7637 | D:8      | Found a shadowy altar of Dithmenos.
  7654 | D:8      | Found a shimmering altar of Xom.
  7729 | D:8      | Killed an ogre mage
  7741 | D:8      | HP: 2/67 [orc warrior/+0 dire flail (11)]
  7746 | D:8      | Mangled by an orc warrior

Illustrated notes

Levels and vault maps discovered:
D:1:      amcnicky_arrival_single_pillar, layout_loops_cross,
          hangedman_glass_garden
D:2:      layout_loops_ring, dk_vineyard_1, uniq_natasha
D:3:      layout_basic, mainiacjoe_overflow_catwalk, serial_forest,
          infiniplex_forest_zigzag_1, infiniplex_forest_split,
          infiniplex_forest_end_double, infiniplex_forest_lined_room_,
          infiniplex_forest_corner_1, infiniplex_forest_lined_room_2,
          serial_shops, nicolae_shop_hallway_stairs
D:4:      layout_basic, old_standard_altar
D:5:      layout_rooms, minmay_temple_entry_drinking_statues,
          minmay_shop_grid_forest
D:6:      layout_rooms, lemuel_tele_altar, minmay_microvault
D:7:      layout_basic, minmay_misc_feat_hallway, nicolae_shop_i_like_big_books,
          chequers_serial_rivers_large_a, uniq_crazy_yiuf_cottage
D:8:      gammafunk_beogh_shrine, layout_basic,
          mainiacjoe_overflow_six_doors_small, jmf_multi_god_temple2,
          kennysheep_little_box, serial_curves, eino_curves_01, eino_curves_02
D:9:      layout_roguey, orc_0_dummy
D:10:     layout_rooms, minmay_lair_entry_grove, gammafunk_ghost_stat_death,
          minmay_orc_keep
Temple:   hellmonk_temple_of_storms

Skill      XL: |  1  2  3  4  5  6  7  8  9 10 |
---------------+-------------------------------+-----
Necromancy     | 5 6 7 8 10 | 10.8
Spellcasting   | 3 4 5 7 8 9 |  9.0
Hexes          | 1 2 3 4 |  4.0
Dodging        | 3 4 5 |  5.1
Fire Magic     | 1 2 |  2.2
Fighting       | 1 |  1.7
Staves         | 1 2 |  2.0
Translocations | 1 |  1.2
Stealth        | 4 |  4.3
Unarmed Combat | |  0.2
Earth Magic    | |  0.7
Invocations    | |  0.7

Action                     |  1- 3 |  4- 6 |  7- 9 | 10-12 || total
---------------------------+-------+-------+-------+-------++-------
  Melee: Unarmed           |     6 |       |       |       ||     6
         Bite              |     2 |     5 |    10 |     3 ||    20
         Staff             |    23 |    25 |    97 |    14 ||   159
         Punch             |       |       |       |     1 ||     1
   Cast: Necrotise         |    48 |    63 |   130 |    21 ||   262
         Animate Dead      |       |     2 |       |       ||     2
         Inner Flame       |       |     7 |    19 |     8 ||    34
         Portal Projectile |       |       |     7 |       ||     7
         Sandblast         |       |       |       |     8 ||     8
 Invoke: Recall Undead Har |       |       |    10 |     1 ||    11
         Dark Bargain      |       |       |     1 |       ||     1
Ability: Evoke the Staff o |       |       |    19 |     4 ||    23
    Use: Scroll            |     3 |    10 |    13 |     1 ||    27
         Potion            |       |       |     3 |     2 ||     5
   Stab: Distracted        |       |       |     1 |       ||     1
 Armour: Robe              |     7 |    12 |    44 |     4 ||    67
  Dodge: Dodged            |    28 |    34 |   134 |    26 ||   222

Table legend: (Time is in decaauts)
 A = Elapsed time spent in this place.
 B = Non-inter-level travel time spent in this place.
 C = Inter-level travel time spent in this place.
 D = Time resting spent in this place.
 E = Time spent auto-exploring this place.
 F = Levels seen in this place.
 G = Mean time per level.
                   A        B        C        D        E       F      G
               +--------+--------+--------+--------+--------+-----+--------+
         Total |   7796 |   7499 |    297 |    424 |   5661 |  11 |  708.7 |
       Dungeon |   7724 |   7456 |    268 |    424 |   5636 |  10 |  772.4 |
        Temple |     72 |     43 |     29 |      0 |     25 |   1 |   72.0 |
               +--------+--------+--------+--------+--------+-----+--------+

Top non-repeatable levels by time:
     D:7: 1282 daAuts
     D:8: 1264 daAuts
     D:1: 952 daAuts
     D:4: 938 daAuts
     D:6: 818 daAuts
     D:2: 816 daAuts
     D:5: 699 daAuts
     D:3: 633 daAuts
     D:9: 270 daAuts
  Temple: 72 daAuts
    D:10: 47 daAuts
